 Dungeon Crawl Stone Soup version 0.30-a0-141-g30f27751c5 (webtiles) character file.

Game seed: 12974752337553855500

521 qw the Chopper (level 7, -1/43 HPs)
             Began as a Gargoyle Fighter on Sept 25, 2022.
             Was an Initiate of Okawaru.
             Slain by Menkaure (12 damage)
             ... on level 5 of the Dungeon.
             The game lasted 00:01:50 (4779 turns).

qw the Chopper (Gargoyle Fighter)                   Turns: 4779, Time: 00:01:50

Health: -1/43      AC: 18    Str: 21    XL:     7   Next: 21%
Magic:  7/7        EV:  7    Int:  9    God:    Okawaru [......]
Gold:   73         SH:  4    Dex:  9    Spells: 6/6 levels left

rFire   + . .      SeeInvis .    Y - +0 war axe
rCold   . . .      Faith    .    c - +0 buckler
rNeg    + . .      Spirit   .    s - +0 chain mail {rF+}
rPois   inf        Reflect  .    m - +1 helmet
rElec   +          Harm     .    h - +0 cloak
rCorr   .          Rampage  .    t - +0 pair of gloves
Will    .....                    (no boots)
Stlth   ..........               (no amulet)
HPRegen 0.14/turn                (no ring)
MPRegen 0.10/turn                (no ring)

@: no status effects
A: sickness immunity, AC +4, negative energy resistance 1, electricity
resistance, torment resistance 1, petrification resistance
a: Renounce Religion


You were on level 5 of the Dungeon.
You worshipped Okawaru.
Okawaru was noncommittal.
You visited 1 branch of the dungeon, and saw 5 of its levels.

You collected 233 gold pieces.
You spent 160 gold pieces at shops.


Innate Abilities, Weirdness & Mutations

You are immune to sickness and miasma.
Your stone body is resilient. (AC +4)
You are immune to poison.
You resist negative energy. (rN+)
You are resistant to electric shocks. (rElec)
You are resistant to unholy torment.
You are immune to petrification.


   Skills:
 - Level 4.2 Fighting
 + Level 6.4 Axes
 - Level 3.2 Armour
 - Level 1.1 Dodging
 - Level 3.2 Shields


You had 6 spell levels left.
You didn't know any spells.
Your spell library was empty.

Inventory:

Hand Weapons
 a - a +0 flail
 Y - a +0 war axe (weapon)
Armour
 c - a +0 buckler (worn)
 h - a +0 cloak (worn)
 m - a +1 helmet (worn)
 s - a +0 chain mail of fire resistance (worn)
 t - a +0 pair of gloves (worn)
Jewellery
 i - a ring of ice
 q - a ring of ice
Scrolls
 e - a scroll of enchant weapon {unknown}
 l - a scroll of identify
Potions
 b - a potion of mutation
 d - a potion of might
 f - a potion of attraction
 g - 2 potions of heal wounds
 j - a potion of degeneration {unknown}
 n - a potion of curing {unknown}
 o - a potion of invisibility {unknown}
 p - a potion of berserk rage {unknown}

Dungeon Overview and Level Annotations

Branches:
Dungeon (5/15)
 Temple: D:4-7

Altars:
Okawaru

Shops:
D:4 [

Annotations:
D:4 2 runed translucent doors
D:5 Menkaure


Message History

Menkaure gestures at you while chanting.
Pain shoots through your body! You block Menkaure's attack.
You barely miss Menkaure. You barely miss Menkaure.
Menkaure casts a spell at you. Pain shoots through your body!
You hit Menkaure but do no damage.
Menkaure calls on the powers of darkness!
Your body is wracked with pain!
You barely miss Menkaure. Menkaure hits you but does no damage.
You slash Menkaure!
Menkaure is moderately damaged.
Menkaure barely misses you.
You barely miss Menkaure.
Menkaure is moderately damaged.
Menkaure hits you!
You barely miss Menkaure.
Menkaure is moderately damaged.
Menkaure barely misses you.
You hit Menkaure.
Menkaure is moderately damaged.
Menkaure calls on the powers of darkness!
Your body is wracked with pain!
You hit Menkaure but do no damage.
Menkaure is moderately damaged.
Menkaure hits you but does no damage.
You hit Menkaure.
Menkaure is heavily damaged.
You block Menkaure's attack.
You hit Menkaure but do no damage.
Menkaure is heavily damaged.
Menkaure giggles, "These cerements are ticklish..."
Menkaure gestures at you while chanting.
Pain shoots through your body!
You hit Menkaure.
Menkaure is severely damaged.
Menkaure hits you!
You die...

.............
...+
.........####
...# ####.....##
...#.. #......###
...#.#
#....#...##...#.#
#....###..#...#.#
#....# ##..# .#
#....#
##.####.######
######
#...@#.......
####.M.# ##..#
#..# ..... ......
...###.# M..# .#
....# #


You could see Menkaure.

Vanquished Creatures
  A kobold brigand (D:4)
  A necrophage (D:4)
  A scorpion (D:3)
  2 hounds (D:4)
  A jelly (D:5)
  An iguana (D:4)
  An orc wizard (D:3)
  4 gnolls (D:2)
  4 adders
  A worm (D:2)
  4 dart slugs
  4 orcs
  5 ball pythons
  2 bats
  5 endoplasms
  3 giant cockroaches
  6 goblins
  7 hobgoblins
  2 jackals (D:2)
  A quokka (D:1)
  3 frilled lizards
  29 kobolds
  8 rats
96 creatures vanquished.

Vanquished Creatures (others)
  An orc wizard (D:3)
  23 plants (D:4)
24 creatures vanquished.

Grand Total: 120 creatures vanquished

Notes
Turn   | Place    | Note
-------+----------+-------------------------------------------
     0 | D:1      | qw the Gargoyle Fighter began the quest for the Orb.
     0 | D:1      | Reached XP level 1. HP: 14/14 MP: 1/1
     0 | D:1      | 0 ||| qw: Version: 0.2-a-10-g399e6c4
     0 | D:1      | 0 ||| qw: Game counter: 122
     0 | D:1      | 0 ||| qw: Always use a shield: true
     0 | D:1      | 0 ||| qw: God list: Okawaru
     0 | D:1      | 0 ||| qw: Allow faded altars: false
     0 | D:1      | 0 ||| qw: Do Orc after D:15 true
     0 | D:1      | 0 ||| qw: Do second Lair branch before Depths: true
     0 | D:1      | 0 ||| qw: Lair rune preference: random
     0 | D:1      | 0 ||| qw: Plans: Normal, Zot:1-4, God:TSO, Crypt, Tomb,
                  | Pan, Slime:5, Hells, Abyss, Orb
     0 | D:1      | 0 ||| PLANNING D:1-11
    38 | D:1      | Reached skill level 2 in Axes
   114 | D:1      | Reached XP level 2. HP: 19/19 MP: 2/2
   324 | D:1      | Reached skill level 3 in Axes
   497 | D:1      | Reached XP level 3. HP: 23/23 MP: 3/3
   640 | D:1      | 640 ||| UPGRADING to +0 cloak.
   645 | D:1      | 645 ||| UPGRADING to +0 chain mail.
   655 | D:1      | 655 ||| DROPPING +0 scale mail.
   656 | D:1      | 656 ||| READING scroll labelled ILOEGAGIRRY.
   657 | D:1      | 657 ||| READING scroll labelled DOC FAOMETHRIFF.
   712 | D:1      | 712 ||| DRINKING 2 sapphire potions.
   789 | D:2      | 789 ||| Stepping ~*~*~tactically~*~*~ (stealth).
   824 | D:2      | 824 ||| FLEEEEING.
   825 | D:2      | 825 ||| FLEEEEING.
   826 | D:2      | 826 ||| FLEEEEING.
   827 | D:2      | 827 ||| FLEEEEING.
   828 | D:2      | 828 ||| FLEEEEING.
   829 | D:2      | 829 ||| FLEEEEING.
   830 | D:2      | 830 ||| FLEEEEING.
   831 | D:2      | 831 ||| FLEEEEING.
   832 | D:2      | 832 ||| FLEEEEING.
   833 | D:2      | 833 ||| FLEEEEING.
   834 | D:2      | 834 ||| FLEEEEING.
   835 | D:2      | 835 ||| FLEEEEING.
   836 | D:2      | 836 ||| FLEEEEING.
   837 | D:2      | 837 ||| FLEEEEING.
   838 | D:2      | 838 ||| FLEEEEING.
   839 | D:2      | 839 ||| FLEEEEING.
   840 | D:2      | 840 ||| FLEEEEING.
   841 | D:2      | 841 ||| FLEEEEING.
   842 | D:2      | 842 ||| FLEEEEING.
   843 | D:2      | 843 ||| FLEEEEING.
   844 | D:2      | 844 ||| FLEEEEING.
   845 | D:2      | 845 ||| STAIRDANCE
   935 | D:1      | 935 ||| READING scroll labelled MAIWIKKEMUTS.
   942 | D:2      | Reached XP level 4. HP: 21/28 MP: 4/4
   942 | D:2      | 942 ||| STAIRDANCE
  1058 | D:2      | 1058 ||| DROPPING +0 whip.
  1081 | D:2      | Identified the +0 leather armour of Compression {rElec rC++
                  | MP+9 Stlth+}
  1094 | D:2      | Reached skill level 4 in Axes
  1264 | D:2      | 1264 ||| Stepping ~*~*~tactically~*~*~ (hiding).
  1265 | D:2      | 1265 ||| Stepping ~*~*~tactically~*~*~ (hiding).
  1905 | D:2      | Found a faded altar of an unknown god.
  1924 | D:2      | Identified the +5 spear "Pahail" {flame, *Noise rN++}
  1937 | D:2      | 1937 ||| UPGRADING to amulet of guardian spirit.
  1942 | D:2      | 1942 ||| READING scroll labelled FYEFFUI YSTRA.
  2265 | D:3      | 2265 ||| Stepping ~*~*~tactically~*~*~ (stealth).
  2266 | D:3      | 2266 ||| Stepping ~*~*~tactically~*~*~ (stealth).
  2267 | D:3      | 2267 ||| Stepping ~*~*~tactically~*~*~ (stealth).
  2268 | D:3      | 2268 ||| Stepping ~*~*~tactically~*~*~ (stealth).
  2269 | D:3      | 2269 ||| Stepping ~*~*~tactically~*~*~ (stealth).
  2273 | D:3      | 2273 ||| Stepping ~*~*~tactically~*~*~ (stealth).
  2274 | D:3      | 2274 ||| Stepping ~*~*~tactically~*~*~ (stealth).
  2275 | D:3      | 2275 ||| Stepping ~*~*~tactically~*~*~ (stealth).
  2276 | D:3      | 2276 ||| Stepping ~*~*~tactically~*~*~ (stealth).
  2277 | D:3      | 2277 ||| Stepping ~*~*~tactically~*~*~ (stealth).
  2278 | D:3      | 2278 ||| Stepping ~*~*~tactically~*~*~ (stealth).
  2279 | D:3      | 2279 ||| Stepping ~*~*~tactically~*~*~ (stealth).
  2284 | D:3      | Reached XP level 5. HP: 32/32 MP: 5/5
  2363 | D:3      | 2363 ||| FLEEEEING.
  2364 | D:3      | 2364 ||| FLEEEEING.
  2365 | D:3      | 2365 ||| FLEEEEING.
  2366 | D:3      | 2366 ||| FLEEEEING.
  2367 | D:3      | 2367 ||| FLEEEEING.
  2368 | D:3      | 2368 ||| FLEEEEING.
  2369 | D:3      | 2369 ||| FLEEEEING.
  2370 | D:3      | 2370 ||| FLEEEEING.
  2371 | D:3      | 2371 ||| FLEEEEING.
  2372 | D:3      | 2372 ||| FLEEEEING.
  2373 | D:3      | 2373 ||| FLEEEEING.
  2374 | D:3      | 2374 ||| FLEEEEING.
  2375 | D:3      | 2375 ||| FLEEEEING.
  2380 | D:3      | 2380 ||| FLEEEEING.
  2388 | D:3      | 2388 ||| FLEEEEING.
  2389 | D:3      | 2389 ||| FLEEEEING.
  2390 | D:3      | 2390 ||| FLEEEEING.
  2391 | D:3      | 2391 ||| FLEEEEING.
  2392 | D:3      | 2392 ||| FLEEEEING.
  2393 | D:3      | 2393 ||| FLEEEEING.
  2394 | D:3      | 2394 ||| FLEEEEING.
  2409 | D:3      | HP: 7/32 [something (3)]
  2414 | D:3      | Reached skill level 5 in Axes
  3040 | D:3      | 3040 ||| UPGRADING to +1 helmet.
  3045 | D:3      | 3045 ||| READING 3 scrolls labelled GUNOEMPIHIUNT.
  3046 | D:3      | 3046 ||| READING scroll labelled NUFIV XYSMESCH.
  3050 | D:3      | 3050 ||| READING scroll labelled JAKABOOSEI.
  3051 | D:3      | 3051 ||| READING scroll labelled YHONLEC MAPTI.
  3052 | D:3      | 3052 ||| READING 2 scrolls of identify.
  3052 | D:3      | 3052 ||| IDENTIFYING fuming clear potion
  3068 | D:4      | 3068 ||| STAIRDANCE
  3072 | D:3      | Reached XP level 6. HP: 38/38 MP: 6/6
  3074 | D:4      | 3074 ||| STAIRDANCE
  3094 | D:4      | 3094 ||| STAIRDANCE
  3190 | D:4      | Found Xifag's Armour Shop.
  3395 | D:4      | Found an iron altar of Okawaru.
  3396 | D:4      | 3396 ||| PLANNING OKAWARU WORSHIP
  3396 | D:4      | 3396 ||| READING 2 scrolls of identify.
  3396 | D:4      | 3396 ||| IDENTIFYING cyan potion
  3401 | D:4      | 3401 ||| FLEEEEING.
  3403 | D:4      | 3403 ||| FLEEEEING.
  3404 | D:4      | 3404 ||| FLEEEEING.
  3405 | D:4      | 3405 ||| FLEEEEING.
  3409 | D:4      | 3409 ||| FLEEEEING.
  3411 | D:4      | 3411 ||| FLEEEEING.
  3413 | D:4      | 3413 ||| FLEEEEING.
  3428 | D:4      | 3428 ||| FLEEEEING.
  3429 | D:4      | 3429 ||| FLEEEEING.
  3432 | D:4      | 3432 ||| FLEEEEING.
  3476 | D:4      | Became a worshipper of Warmaster Okawaru
  3477 | D:4      | 3477 ||| PLANNING D:1-11
  3477 | D:4      | 3477 ||| REMOVING amulet of guardian spirit.
  3482 | D:4      | Identified the +4 falchion "Vocuj" {flame, rPois Str-4
                  | Stlth+}
  3670 | D:4      | 3670 ||| Stepping ~*~*~tactically~*~*~ (stealth).
  3677 | D:4      | 3677 ||| Stepping ~*~*~tactically~*~*~ (stealth).
  3692 | D:4      | 3692 ||| Stepping ~*~*~tactically~*~*~ (stealth).
  3694 | D:4      | 3694 ||| Stepping ~*~*~tactically~*~*~ (stealth).
  3696 | D:4      | 3696 ||| Stepping ~*~*~tactically~*~*~ (stealth).
  3718 | D:4      | Reached skill level 6 in Axes
  3718 | D:4      | Reached XP level 7. HP: 29/43 MP: 7/7
  3733 | D:4      | 3733 ||| FLEEEEING.
  3734 | D:4      | 3734 ||| FLEEEEING.
  3735 | D:4      | 3735 ||| FLEEEEING.
  3743 | D:4      | 3743 ||| STAIRDANCE
  3858 | D:3      | 3858 ||| DROPPING amulet of guardian spirit.
  4084 | D:4      | Reached skill level 1 in Dodging
  4089 | D:4      | Found a large runed translucent door.
  4089 | D:4      | Found a large runed translucent door.
  4203 | D:4      | 4203 ||| BUYING +0 chain mail of fire resistance (115
                  | gold).
  4203 | D:4      | Bought a +0 chain mail of fire resistance for 115 gold
                  | pieces
  4203 | D:4      | 4203 ||| BUYING +0 pair of gloves (45 gold).
  4203 | D:4      | Bought a +0 pair of gloves for 45 gold pieces
  4203 | D:4      | 4203 ||| SHOPLISTING -2 kite shield of Springtime {Harm
                  | MP+9 Dex+6 Stlth-} (316 gold, have 36).
  4572 | D:4      | 4572 ||| UPGRADING to +0 chain mail of fire resistance.
  4582 | D:4      | 4582 ||| DROPPING +0 chain mail.
  4583 | D:4      | 4583 ||| UPGRADING to +0 pair of gloves.
  4588 | D:4      | 4588 ||| DROPPING +6 ring of intelligence.
  4589 | D:4      | 4589 ||| READING 2 scrolls of identify.
  4589 | D:4      | 4589 ||| IDENTIFYING green potion
  4590 | D:4      | 4590 ||| DROPPING potion of brilliance.
  4602 | D:5      | Entered Level 5 of the Dungeon
  4607 | D:5      | 4607 ||| STAIRDANCE
  4758 | D:5      | Noticed Menkaure
  4759 | D:5      | 4759 ||| Stepping ~*~*~tactically~*~*~ (hiding).
  4761 | D:5      | 4761 ||| Stepping ~*~*~tactically~*~*~ (hiding).
  4762 | D:5      | 4762 ||| Stepping ~*~*~tactically~*~*~ (hiding).
  4763 | D:5      | 4763 ||| Stepping ~*~*~tactically~*~*~ (hiding).
  4779 | D:5      | Slain by Menkaure

Levels and vault maps discovered:
D:1:      psy_arrival_statuary, layout_rooms, serial_bayou_pond_d
D:2:      layout_loops_ring, nicolae_ecumenical_oubliette
D:3:      layout_loops_cross
D:4:      kennysheep_kobold_camp, layout_basic, okawaru_ov_weapons_minmay,
          jmf_multi_god_temple2, serial_forest,
          infiniplex_forest_clump_diagonal, infiniplex_forest_fountain,
          infiniplex_forest_clump_double, infiniplex_forest_straight_3,
          infiniplex_forest_lined_1, serial_shops, nicolae_inconvenience_store
D:5:      layout_basic, mainiacjoe_overflow_paths, fedhas_altar_3, uniq_menkaure

Skill      XL: |  1  2  3  4  5  6  7 |
---------------+----------------------+-----
Axes           | 2 3 4 5 6 |  6.4
Fighting       | 4 |  4.2
Dodging        | 1 |  1.1
Armour         | |  3.2
Shields        | |  3.2

Action                   |  1- 3 |  4- 6 |  7- 9 || total
-------------------------+-------+-------+-------++-------
Melee: War axe           |    61 |   218 |    49 ||   328
  Use: Scroll            |     3 |     7 |     1 ||    11
       Potion            |     1 |       |       ||     1
Armor: Scale mail        |    26 |       |       ||    26
       Chain mail        |     8 |   162 |    17 ||   187
Dodge: Dodged            |    26 |    71 |    13 ||   110
Block: Buckler           |     9 |    41 |     5 ||    55

Table legend:
 A = Non-vault XP
 B = Vault XP
 C = Vault XP percentage of total XP
 D = Non-vault monster count
 E = Vault monster count
 F = Vault count percentage of total count
                 A         B        C        D         E       F
            +---------+---------+-------+---------+---------+-------
      Total |     611 |     134 |  18.0 |      76 |      21 |  21.6
            +---------+---------+-------+---------+---------+-------
        D:1 |      39 |       0 |   0.0 |      21 |       0 |   0.0
        D:2 |     119 |       0 |   0.0 |      24 |       0 |   0.0
        D:3 |     165 |       0 |   0.0 |      13 |       0 |   0.0
        D:4 |     246 |     134 |  35.3 |      17 |      21 |  55.3
        D:5 |      42 |       0 |   0.0 |       1 |       0 |   0.0
            +---------+---------+-------+---------+---------+-------
